 Dungeon Crawl Stone Soup version 0.27-a0-909-g0721f309d1 (webtiles) character file.

Game seed: 13448137090687026967

5 jasper the Magician (level 1, -2/13 HPs)
             Began as a Demonspawn Hedge Wizard on Apr 8, 2021.
             Slain by a quokka (5 damage)
             ... on level 1 of the Dungeon.
             The game lasted 00:00:52 (190 turns).

jasper the Magician (Demonspawn Hedge Wizard)        Turns: 190, Time: 00:00:53

Health: -2/13      AC:  3    Str: 10    XL:     1   Next: 66%
Magic:  1/4        EV: 12    Int: 15    God:
Gold:   0          SH:  0    Dex: 12    Spells: 5/6 levels left

rFire    . . .     SeeInvis .   a - +0 dagger
rCold    . . .     Faith    .   (no shield)
rNeg     . . .     Spirit   .   b - +0 robe
rPois    .         Reflect  .   c - +1 hat
rElec    .         Harm     .   (no cloak)
rCorr    .         Rampage  .   (no gloves)
Will     .....                  (no boots)
Stlth    ++........             (no amulet)
HPRegen  0.04/turn              (no ring)
MPRegen  0.09/turn              (no ring)

@: no status effects
A: no striking features
a: no special abilities


You were on level 1 of the Dungeon.
You visited 1 branch of the dungeon, and saw 1 of its levels.

Inventory:

Hand Weapons
 a - a +0 dagger (weapon)
Armour
 b - a +0 robe (worn)
 c - a +1 hat (worn)


   Skills:
 - Level 1.7 Dodging
 - Level 1.7 Stealth
 - Level 3.0 Spellcasting
 * Level 1.8 Conjurations
 - Level 1.0 Summonings
 - Level 0.8 Translocations


You had 5 spell levels left.
You knew the following spells:

 Your Spells              Type           Power      Damage    Failure   Level
a - Magic Dart            Conj           28%        1d4       10%         1

Your spell library contained the following spells:

 Spells                   Type           Power      Damage    Failure   Level
 Call Imp                 Summ           5%         N/A       21%         2
 Blink                    Tloc           N/A        N/A       22%         2
 Slow                     Hex            2%         N/A       30%         2
 Conjure Flame            Conj/Fire      4%         6-21      38%         3
 Mephitic Cloud           Conj/Pois/Air  4%         N/A       43%         3


Dungeon Overview and Level Annotations

Branches:
Dungeon (1/15)

Altars:


Message History

The magic dart hits the jackal but does no damage.
The jackal closely misses you.
You now have 0/4 mp.
The jackal bites you.
You take 1 damage, and have 7/13 hp.
The frilled lizard bites you but does no damage.
The frilled lizard closely misses you. The jackal closely misses you.
Found a leather armour.
The frilled lizard bites you but does no damage.
The jackal bites you.
You take 1 damage, and have 6/13 hp.
The jackal bites you.
You take 2 damage, and have 4/13 hp.
The jackal closely misses you.
You aren't carrying any potions.
Unknown command.
Aiming: Magic Dart (safe; 10% risk of failure)
Press: ? - help, Q - select action Shift-Dir - straight line, f/p - jackal
Aim: a jackal (0% to evade)
The magic dart hits the jackal but does no damage.
The jackal barely misses you.
You now have 0/4 mp.
You hit the jackal.
The jackal is moderately wounded.
The jackal barely misses you. The jackal bites you.
* * * LOW HITPOINT WARNING * * *
You take 2 damage, and have 3/13 hp.
You aren't carrying any potions.
As you read the scroll labelled XYKOUDD SUAMOEDEA, it crumbles to dust.
It is a scroll of enchant armour.
Your +0 hat glows green for a moment.
The jackal barely misses you. x2
A quokka comes into view.
The jackal misses you.
The jackal bites you but does no damage.
The quokka barely misses you. The quokka completely misses you.
The jackal barely misses you. The quokka bites you.
You die...

#..# ##......##
##...... ##.##
##......##
##h.....# #..##
##......###......##
##..##
##......#......##
##..##
##...........##
##..##
##.........##
##.l#####...<...##
##hr.####.....##
###@..###...##
###........
########


You could see a quokka, a jackal and a frilled lizard.

Vanquished Creatures
  An endoplasm (D:1)
  2 jackals (D:1)
  A kobold (D:1)
4 creatures vanquished.

Notes
Turn   | Place    | Note
-------+----------+-------------------------------------------
     0 | D:1      | jasper the Demonspawn Hedge Wizard began the quest for the
                  | Orb.
     0 | D:1      | Reached XP level 1. HP: 13/13 MP: 4/4
   190 | D:1      | Slain by a quokka

Illustrated notes

Levels and vault maps discovered:
D:1:      dpeg_arrival_central, layout_basic

Action                   || total
-------------------------++-------
Melee: Dagger            ||     7
 Cast: Magic Dart        ||    12
  Use: Scroll            ||     1
Armor: Robe              ||     4
Dodge: Dodged            ||    14

Table legend: (Time is in decaauts)
 A = Elapsed time spent in this place.
 B = Non-inter-level travel time spent in this place.
 C = Inter-level travel time spent in this place.
 D = Time resting spent in this place.
 E = Time spent auto-exploring this place.
 F = Levels seen in this place.
 G = Mean time per level.
                   A        B        C        D        E       F      G
               +--------+--------+--------+--------+--------+-----+--------+
         Total |    190 |    190 |      0 |    120 |     10 |   1 |  190.0 |
       Dungeon |    190 |    190 |      0 |    120 |     10 |   1 |  190.0 |
               +--------+--------+--------+--------+--------+-----+--------+

Top non-repeatable levels by time:
     D:1: 190 daAuts
